[Event "Summer Prague Open-A 2022"]
[Site "Prague"]
[Date "2022.08.10"]
[Round "7.19"]
[White "Philipp, Mathias"]
[Black "Dahl, Trygve"]
[Result "1-0"]
[ECO "B41"]
[WhiteElo "2092"]
[BlackElo "2230"]
[Annotator "TA"]
[PlyCount "117"]
[EventDate "2022.08.05"]
[EventType "swiss"]
[EventCountry "CZE"]
[SourceTitle "playchess.com"]
[Source "ChessBase"]
[SourceQuality "1"]
[TimeControl "40/5400+30:1800+30"]

1. e4 c5 2. Nf3 e6 3. d4 cxd4 4. Nxd4 a6 5. c4 Nf6 6. Nc3 Qc7 7. a3 b6 8. f3 {[%emt 0:00:59] B41: Sicilian: Kan Variation: 5 c4.} Bb7 9. Be3 d6 10. Be2 {[%emt 0:02:00] White is slightly better.} Be7 11. g4 {[%emt 0:00:27] [#]} Nfd7 $146 ({Predecessor:} 11... h6 12. h4 Nbd7 13. Rc1 Rc8 14. Kd2 g6 15. Kc2 Ne5 16. Kb1 Qb8 17. Qf1 Bf8 {½-½ (34) Fiorito,J (2272)-Manzone,A (2416) Buenos Aires 2022}) 12. h4 O-O 13. Rc1 Re8 14. g5 g6 (14... Nc6 $142) 15. Kd2 Qd8 16. Qg1 {[%emt 0:01:56] 0x0.0020aec4bcdddp-1022s more active pieces.} (16. Qe1 $16) 16... d5 $2 (16... h5 $1 $14) 17. cxd5 exd5 18. exd5 (18. Nxd5 $6 Bxd5 19. exd5 Nf8 $18) 18... Nf8 19. h5 b5 20. Bd3 (20. hxg6 fxg6 21. Kc2 Bc5 $18) (20. Kc2 $142) 20... Nbd7 $18 21. hxg6 $1 fxg6 {[%emt 0:00:26] [#]} 22. Qh2 (22. Nc6 $2 Bxc6 23. Be4 (23. dxc6 $2 Ne5 $19) 23... Bb7 $19) (22. Rxh7 $3 $18 Nxh7 23. Bxg6) 22... Bxg5 $11 23. f4 $36 {[%emt 0:00:26][%mdl 2048] Black is under pressure.} Bf6 $1 (23... Qe7 24. Qg1 $16) 24. Ne6 (24. Nc6 $11 Bxc6 25. dxc6) 24... Rxe6 $2 (24... Qa5 $1 $15 {keeps the upper hand.} 25. Ke2 Rac8) 25. dxe6 $16 Bxh1 26. Rxh1 ({Stronger than} 26. exd7 Bc6 27. f5 Nxd7 28. fxg6 hxg6 $17) (26. Qxh1 $16 Nxe6 27. f5 (27. Qd5 Ndf8 $15)) 26... Nb6 $11 27. Bc5 {[%emt 0:02:35] Black must now prevent Bxf8.} (27. Bxb6 $5 Qxb6 28. f5 $11) 27... Be7 {[%emt 0:04:01][%mdl 8192] Black is on the road to losing.} (27... Nc4+ $11 28. Kc2 Nxb2 $1) 28. Bxe7 {[%emt 0:02:47] Chess con chili.} Qxe7 29. f5 Rd8 30. Kc2 {[%emt 0:01:43] And now fxg6 would win.} Nd5 {[%emt 0:03:17] Strongly threatening ...Ne3+.} 31. fxg6 (31. Qe5 Qg5 $18) 31... Ne3+ $2 (31... Nxe6 32. g7 (32. gxh7+ Kh8 $16) (32. Qxh7+ Qxh7 33. gxh7+ Kh8 $16) 32... Qxg7) 32. Kb1 $18 Rxd3 33. gxh7+ Nxh7 34. Qxh7+ $2 Qxh7 35. Rxh7 {[%emt 0:00:04][%mdl 4096] Endgame KRN-KRN} Nc4 $2 {[%emt 0:04:58] [#]} (35... Kxh7 $2 36. e7 Nd5 37. e8=Q $18) (35... Rd6 36. e7 (36. Rh6 Nf5 $14) 36... Re6) 36. Rd7 (36. Ne4 $142 $1 {White threatens Nf6+ and mate.} Kxh7 37. e7 Nd2+ 38. Ka2) 36... Re3 (36... Ne5 $142) 37. e7 Re6 38. Nd5 Kf7 {[%emt 0:00:11] Against Nf6} 39. Rd8 {[%emt 0:06:22] aiming for Rf8+.} Nd6 40. Rf8+ Kg7 41. Ra8 Re5 {[%emt 0:05:50] [#]} 42. Rxa6 $1 Ne8 43. Nc3 b4 $2 (43... Kf7 44. Rb6 Nc7) 44. axb4 Kf7 45. Kc2 (45. Ra7 $142 Rxe7 46. Ra6) 45... Kxe7 46. Kb3 Kd7 47. Ka4 Nc7 $2 (47... Nd6 48. Ra5 Re1) 48. Rh6 Kc8 49. Rb6 Na8 50. Rb5 Re1 51. Rh5 {[%emt 0:00:00] Threatens to win with Ka5.} Re7 52. Nd5 Ra7+ (52... Re2 53. Kb3 Kb8) 53. Kb5 Rg7 54. Ka6 Nc7+ {[%emt 0:05:42] [#]} 55. Nxc7 $1 Kxc7 56. b5 {[%emt 0:00:00][%cal Bb4b5,Bb5b6][%mdl 32] White mates.} Rg8 57. Ka7 Rg7 58. b4 Rg1 59. b6+ {[%emt 0:00:18] Weighted Error Value: White=0.78/Black=0.48} 1-0

[Event "Summer Prague Open-A 2022"]
[Site "Prague"]
[Date "2022.08.10"]
[Round "7.20"]
[White "Bruchmann, Stephan"]
[Black "Sidletskyi, Ivan"]
[Result "1/2-1/2"]
[ECO "C00"]
[WhiteElo "2226"]
[BlackElo "2075"]
[Annotator "TA"]
[PlyCount "67"]
[EventDate "2022.08.05"]
[EventType "swiss"]
[EventCountry "CZE"]
[SourceTitle "playchess.com"]
[Source "ChessBase"]
[SourceQuality "1"]
[TimeControl "40/5400+30:1800+30"]

1. e4 e6 2. d4 d5 3. Bd3 c5 4. exd5 exd5 5. Nf3 Nf6 6. O-O {[%emt 0:00:56] C01: French: Exchange Variation.} c4 7. Be2 Bd6 8. b3 cxb3 $1 9. axb3 O-O 10. c4 h6 {[%emt 0:07:01] [#]} (10... Nc6 $11) 11. Nc3 (11. c5 $1 $16 Bc7 12. b4) 11... Nc6 $11 12. h3 b6 {[%emt 0:09:50] [#]} 13. Be3 $146 ({Predecessor:} 13. Nb5 Bb8 14. Bb2 Bf5 15. Ne5 Qc8 16. Bf3 Be4 17. Re1 Re8 18. Rc1 Nxe5 19. dxe5 Bxe5 20. Bxe5 Rxe5 21. cxd5 {½-½ (73) Manukyan,A (2148)-Grigoryan,A (1996) Chess.com INT 2020}) 13... Bb7 14. c5 Be7 15. Ra4 a5 {[%emt 0:06:01] Inhibits b4.} 16. Ra1 Ne4 17. Rc1 Nb4 18. Na4 bxc5 19. Nxc5 Bxc5 20. dxc5 Na2 21. Qd4 Nxc1 22. Rxc1 Ba6 {[%emt 0:03:19] Inhibits Bb5.} 23. Bd1 Qf6 (23... Bb5 $15) 24. Ne5 Rfe8 25. f4 Ng3 $1 {[%emt 0:06:06] Threatens to win with ...Be2.} 26. Qxd5 ({White should play} 26. Bf2 $15 Ne2+ 27. Bxe2 Bxe2 28. c6) 26... Nf5 (26... Rad8 $17 27. Qf3 {[#]} Rxd1+ $1 28. Rxd1 Be2 29. Qxg3 Bxd1) 27. Bf2 $1 {[%emt 0:05:12] Hoping for Bh5.} Ne7 28. Qf3 Ng6 29. Bg3 Rac8 30. c6 Nxe5 31. fxe5 Qd8 (31... Qg6 $5 32. Bc2 Rxc6 33. Bxg6 Rxc1+ 34. Kh2 fxg6 $11) 32. Qe3 (32. Qc3 $14) 32... Bb5 33. Bf3 Re6 $1 34. Rd1 {[%emt 0:03:38] Weighted Error Value: White=0.17 (very precise) /Black=0.14 (very precise)} 1/2-1/2

[Event "Summer Prague Open-A 2022"]
[Site "Prague"]
[Date "2022.08.10"]
[Round "7.21"]
[White "Vecera, Dominik"]
[Black "Shehzad, Shazil"]
[Result "1/2-1/2"]
[ECO "C55"]
[WhiteElo "2066"]
[BlackElo "2274"]
[Annotator "TA"]
[PlyCount "123"]
[EventDate "2022.08.05"]
[EventType "swiss"]
[EventCountry "CZE"]
[SourceTitle "playchess.com"]
[Source "ChessBase"]
[SourceQuality "1"]
[TimeControl "40/5400+30:1800+30"]

1. e4 e5 2. Nf3 Nc6 3. d4 exd4 4. Bc4 Nf6 5. e5 d5 6. Bb5 Nd7 7. O-O Be7 8. Bxc6 bxc6 9. Nxd4 {[%emt 0:00:09][%cal Bf3d4,Bd4b5,Bb5c7][%mdl 32] C56: Two Knights: 4 d4 exd4 5 0-0 Nxe4.} Nb8 10. c4 O-O 11. Nc3 dxc4 {[%emt 0:03:51] [#]} 12. Be3 $146 ({Predecessor:} 12. Re1 Re8 13. Bf4 Bc5 14. Re4 Na6 15. Nxc6 Qxd1+ 16. Rxd1 Bb7 17. Rxc4 Bb6 18. h3 {0-1 (67) Silva,K (2086)-Cadilhac,I (2323) Cuiaba 2021}) 12... c5 $1 13. Ndb5 Nc6 14. Qd5 Bb7 15. Rfd1 Qc8 {[%emt 0:04:50][%cal Oc6d4] Hoping for ...Nd4!} 16. Qd7 {[%emt 0:14:22] Prevents Nd4.} ({Much weaker is} 16. Bxc5 a6 17. Bxe7 Nxe7 $17) 16... Rd8 17. Qxc7 Qxc7 (17... Rd3 {keeps more tension.} 18. Nd5 Qxc7 19. Nbxc7 Rd8) 18. Nxc7 Rab8 19. N7d5 Bf8 $1 20. Bf4 Nb4 21. e6 fxe6 22. Nxb4 cxb4 23. Bxb8 Rxb8 24. Ne2 g5 25. Rac1 Bd5 26. Nd4 (26. h4 $11) 26... Bg7 (26... a5 $1 $17) 27. f3 (27. b3 $11 c3 28. Nf5 $1) 27... a6 (27... a5 $17) 28. Rc2 $11 Rf8 29. h3 h5 (29... Bf6 $11) 30. Rcc1 $2 (30. Re2 $1 $14 {stays ahead.}) 30... g4 (30... Rf4 $1 $19 31. Nc2 (31. Ne2 $2 Bxb2 32. Rc2 c3 $19) 31... Bxb2 32. Nxb4 Bxc1 33. Rxc1 a5) 31. hxg4 $15 hxg4 32. fxg4 (32. Rc2 $1 $15) 32... Rf4 $17 33. Nf5 Bf8 {[%emt 0:00:19] Prevents Ne7+.} ({Don't do} 33... exf5 34. Rxd5 Bxb2 35. Rc2 Bd4+ 36. Kh2 $11) ({Black should play} 33... Bxb2 $19 34. Ne7+ Kf7 35. Nxd5 exd5) 34. g3 $2 (34. Ne3 $15 Bc5 35. Re1) 34... Bc5+ $19 35. Kh2 Rf2+ 36. Kh3 Rxb2 37. Nh6+ Kg7 38. g5 Be3 39. Kg4 (39. Rxd5 $142 Bxc1 40. Rd7+ Kf8 41. Nf7) 39... Bxc1 {[%emt 0:00:15] A strong pair of Bishops.} 40. Rf1 {[%emt 0:00:29] [#]} e5 $1 41. Rf6 {[%emt 0:30:01] Against Be6+} Rh2 42. Nf5+ Kh8 {[%emt 0:00:49] aiming for ...Bg2.} 43. g6 {[%emt 0:00:46] Black must now prevent Rf8+.} b3 $4 (43... Rf2 $19 44. Rf8+ Bg8) 44. Rf8+ $18 Bg8 45. Ne7 Kg7 46. Rxg8+ {[%emt 0:00:00][%mdl 4096] Endgame KRB-KRN} Kf6 47. Rf8+ $2 (47. Nd5+ Ke6 48. Re8+ Kxd5 49. g7 Rxa2 50. g8=Q+ Kd4 51. Qe6) 47... Kxe7 {[%emt 0:00:56] KRB-KR} 48. g7 Bh6 {[%emt 0:01:54] [#]} (48... bxa2 49. g8=Q) 49. g8=Q Bxf8 $11 50. axb3 {[%emt 0:00:00] KQ-KRB} c3 51. Qg5+ Kf7 52. Qf5+ Kg8 53. Qe6+ Kh7 54. Qd7+ Kg8 $2 {[%emt 0:01:19] [#]} (54... Bg7 $1 $11) 55. Qe6+ $2 ({Only move:} 55. Qd5+ $1 $18 Kh8 56. Qf3 (56. Qxe5+ Bg7 $11)) 55... Kh7 {[%emt 0:00:09] The position is equal.} 56. Qf7+ Bg7 57. Qf5+ Kh6 58. Qg5+ Kh7 59. Qf5+ Kh6 60. Qe6+ Kh7 61. Qf5+ Kh6 62. Qg5+ {[%emt 0:00:46] Quite a comeback for White.  Weighted Error Value: White=0.59/Black=0.31} 1/2-1/2

[Event "Summer Prague Open-A 2022"]
[Site "Prague"]
[Date "2022.08.10"]
[Round "7.22"]
[White "Gloser, David"]
[Black "Salem Eid, Ahmed"]
[Result "1-0"]
[ECO "B48"]
[WhiteElo "2221"]
[BlackElo "2165"]
[Annotator "TA"]
[PlyCount "53"]
[EventDate "2022.08.05"]
[EventType "swiss"]
[EventCountry "CZE"]
[SourceTitle "playchess.com"]
[Source "ChessBase"]
[SourceQuality "1"]
[TimeControl "40/5400+30:1800+30"]

1. e4 c5 2. Nc3 Nc6 3. Nge2 e6 4. d4 cxd4 5. Nxd4 Qc7 6. Be3 a6 7. g4 {[%emt 0:00:09] The modern move. B48: Sicilian: Taimanov: 5 Nc3 Qc7 6 Be3 a6 without Be2.} (7. a3 $14) 7... b5 $11 8. Nxc6 Qxc6 9. Qd2 {[%emt 0:00:44] The position is equal.} Nf6 10. f3 Bb7 (10... h6 $11) 11. g5 $14 Nh5 {[%emt 0:00:11] [#]} 12. Bh3 $146 (12. O-O-O $1 $16) ({Predecessor:} 12. O-O-O Bb4 13. Bd4 O-O 14. Bh3 d6 15. Bg4 g6 16. Bxh5 gxh5 17. a3 Ba5 18. Bf6 {1-0 (25) Lu,S (2639)-Zhao,Y (2385) Shenyang 2019}) 12... Bc5 (12... Qd6 $11 {remains equal.}) 13. Bg4 $16 g6 14. O-O-O Bxe3 15. Qxe3 {[%emt 0:00:15] Black must now prevent Bxh5.} Rc8 16. Qd4 {[%emt 0:08:21] White is more active.} Rg8 (16... O-O $16 {might work better.}) 17. Rd2 $18 Ng7 18. Rhd1 Rc7 (18... d6 {keeps fighting.} 19. Qxd6 Qxd6 20. Rxd6 Rh8) 19. Qe5 {[%emt 0:02:50] Threatens to win with Nd5.} Kd8 20. Rd6 Qc4 21. Qf6+ Ke8 {[%emt 0:03:35] [#]} 22. Rxd7 $3 Rxd7 23. Rxd7 {[%emt 0:00:06][%mdl 64] Remove Defender. Really sharp!} Kxd7 24. Qxf7+ Kd6 {[%emt 0:00:26] ...Qc8 is the strong threat.} 25. Qxg8 {[%emt 0:01:05] White is clearly winning.} Qf1+ (25... Qc7 $142 26. Qxh7 Qf7) 26. Nd1 Bxe4 27. Qxg7 {[%emt 0:01:17] Weighted Error Value: White=0.07 (flawless) /Black=0.35} 1-0

[Event "Summer Prague Open-A 2022"]
[Site "Prague"]
[Date "2022.08.10"]
[Round "7.23"]
[White "Dauth, Benjamin"]
[Black "Carnot, Luca"]
[Result "1-0"]
[ECO "B34"]
[WhiteElo "2243"]
[BlackElo "2035"]
[Annotator "TA"]
[PlyCount "59"]
[EventDate "2022.08.05"]
[EventType "swiss"]
[EventCountry "CZE"]
[SourceTitle "playchess.com"]
[Source "ChessBase"]
[SourceQuality "1"]
[TimeControl "40/5400+30:1800+30"]

1. e4 c5 2. Nf3 Nc6 3. d4 cxd4 4. Nxd4 g6 5. Nxc6 bxc6 6. Bd3 Bg7 7. O-O Nf6 {[%emt 0:01:13][%cal Bg8f6,Bf6d7,Bd7c5][%mdl 32] The main line 7...Nf6 scores better than 7...d6.} 8. Nc3 O-O {[%emt 0:01:45] B33: Sicilian: Pelikan and Sveshnikov Variations.} 9. Qe2 Qc7 10. Bd2 (10. e5 $5 Nd5 11. Nxd5 cxd5 12. Bf4 $11) 10... d6 {[%emt 0:00:44] [#] The position is equal.} 11. Rae1 $146 ({Predecessor:} 11. g3 Bh3 12. Rfe1 Ng4 13. Rab1 Ne5 14. Bc4 Bg4 15. Qf1 Nf3+ 16. Kh1 Nxd2 17. Qd3 Nxb1 18. Rxb1 {0-1 (45) Greuel,J-Almeida,S Brusque 2000}) 11... Nd7 12. Nd1 Nc5 13. Bc3 e5 14. f4 exf4 {[%emt 0:02:07] White should prevent ...Bxc3.} 15. Bxg7 Kxg7 16. Rxf4 Nd7 17. b3 Ne5 18. Ne3 Be6 19. Ref1 Qb6 20. Kh1 Rae8 21. Nf5+ gxf5 (21... Bxf5 $11 22. exf5 f6) 22. exf5 $16 {[%emt 0:01:23][%cal Be4f5,Bf5f6][%mdl 32] Intending f6+ and mate.} Bd5 $2 {[%emt 0:08:42][%mdl 8192] [#]} (22... Nxd3 $16 23. Qxd3 f6) 23. f6+ $1 $18 Kh8 24. Rh4 Nf3 25. Rxh7+ Kg8 26. Rg7+ $40 {[%emt 0:00:16][%mdl 128] Black is in trouble.} Kh8 27. Qd1 Qe3 28. Rh7+ Kg8 29. gxf3 {[%emt 0:00:16] [#] Threatening mate with Rg1+.} Re5 30. Rg1+ {[%emt 0:00:24] Weighted Error Value: White=0.04 (flawless) /Black=0.54} (30. h4 $142 Be4 31. Bxe4 Rxe4 32. Rg7+ Kh8 33. fxe4 Qxe4+ 34. Kg1 Qe3+ 35. Rf2) 1-0

[Event "Summer Prague Open-A 2022"]
[Site "Prague"]
[Date "2022.08.10"]
[Round "7.24"]
[White "Prilleltensky, Matan"]
[Black "Shamian, Artur"]
[Result "1-0"]
[ECO "E24"]
[WhiteElo "2191"]
[BlackElo "2000"]
[Annotator "TA"]
[PlyCount "107"]
[EventDate "2022.08.05"]
[EventType "swiss"]
[EventCountry "CZE"]
[SourceTitle "playchess.com"]
[Source "ChessBase"]
[SourceQuality "1"]
[TimeControl "40/5400+30:1800+30"]

1. d4 Nf6 2. c4 e6 3. Nc3 Bb4 4. a3 Bxc3+ 5. bxc3 b6 6. f3 h6 {[%emt 0:02:18] E24: Nimzo-Indian: Sämisch: Unusual Black 5th moves and 5...c5 sidelines.} 7. e4 d6 8. Bd3 O-O {[%emt 0:02:57] The position is equal.} 9. Nh3 {[%emt 0:04:17] [#]} Nc6 $146 ({Predecessor:} 9... e5 10. dxe5 Bxh3 11. gxh3 dxe5 12. Be3 Nh5 13. c5 Nf4 14. Bxf4 exf4 15. cxb6 Qh4+ 16. Ke2 axb6 17. Bb5 Qg5 18. Qb3 Qg2+ 19. Kd3 c6 20. Bxc6 Nxc6 21. Qxb6 Ne5+ {0-1 (21) Jansen,U (1659)-Zabransky,F (1936) LSS email 2014}) 10. Be3 e5 11. Nf2 Ba6 12. O-O Na5 13. Qe2 c5 14. d5 Qd7 15. a4 Rae8 16. Nd1 Qe7 17. Ra3 Nh5 18. g3 $1 {[%emt 0:01:05] Against Nf4} Bc8 19. Qc2 Ba6 20. Qe2 Bc8 21. Qc2 Ba6 22. Nb2 f5 (22... Qf6 $11 {keeps the balance.}) 23. exf5 $16 Nf6 24. Raa1 e4 25. fxe4 Ng4 (25... Nxe4 $16 {was worth a try.} 26. Rae1 Nf6) 26. Bf4 $18 Ne5 27. Rae1 Bxc4 28. Bxe5 Bxd3 29. Nxd3 ({Resist} 29. Qxd3 $6 Qxe5 30. Re2 Rc8 $16) 29... dxe5 30. c4 Nb7 31. Nf2 Nd6 32. a5 Qc7 33. axb6 axb6 34. Ra1 Ra8 35. Rxa8 Rxa8 36. f6 {[%emt 0:00:31] [#] Black must now prevent Ng4.} Rf8 (36... h5 $16) 37. Ng4 Ne8 38. fxg7 Rxf1+ 39. Kxf1 Qxg7 {[%emt 0:00:25][%mdl 4096] Endgame KQN-KQN} 40. Ne3 Nd6 41. Nf5 (41. Qd3 $18) 41... Nxf5 $16 42. exf5 {[%emt 0:00:00] KQ-KQ} Qg4 {[%emt 0:00:15] Inhibits Qe4.} 43. Kg2 {[%emt 0:00:00] Strongly threatening f6.} Qd4 $2 {[%emt 0:07:43] Loses the game.} (43... e4 $16) 44. Kf3 (44. Qe2 $142 Kf8 45. Qh5 Qb2+ 46. Kh3) 44... Kf7 $18 45. Qe4 {[%emt 0:00:00] [#] Hoping for Qxd4.} Qd1+ 46. Kg2 Qd2+ $2 (46... Kf6 47. Kf2 Qd2+ 48. Qe2 (48. Kf3 Qxh2 49. Qg4 Qh1+ 50. Ke2 Qg2+ 51. Ke3 Qg1+ 52. Ke2 Qg2+ 53. Ke3 Qg1+ 54. Ke2 Qg2+ $11) 48... Qd4+ 49. Kg2 Ke7) 47. Kh3 Kf6 48. Qg4 {[%emt 0:00:00] Qg6+ would kill now.} e4 49. Qxe4 {[%emt 0:00:00] White mates.} Qf2 50. Qe6+ Kg7 51. Qg6+ Kf8 52. Qxh6+ Ke8 53. Qe6+ Kd8 54. d6 {Weighted Error Value: White=0.20 (precise) /Black=0.28 (precise)} 1-0

[Event "Summer Prague Open-A 2022"]
[Site "Prague"]
[Date "2022.08.11"]
[Round "8.1"]
[White "Cernousek, Lukas"]
[Black "Lutsko, Artem"]
[Result "0-1"]
[ECO "B90"]
[WhiteElo "2429"]
[BlackElo "2392"]
[Annotator "TA"]
[PlyCount "52"]
[EventDate "2022.08.05"]
[EventType "swiss"]
[EventCountry "CZE"]
[SourceTitle "playchess.com"]
[Source "ChessBase"]
[SourceQuality "1"]
[TimeControl "40/5400+30:1800+30"]

1. e4 c5 2. Nf3 d6 3. d4 cxd4 4. Nxd4 Nf6 5. Nc3 a6 6. Be3 e5 7. Nb3 Be7 8. h3 {[%emt 0:02:38] B90: Sicilian Najdorf: Unusual White 6th moves, 6 Be3 Ng4 and 6 Be3 e5.} Be6 9. f4 exf4 10. Bxf4 {[%emt 0:00:02] The position is equal.} Nc6 11. Qe2 Qc7 12. O-O-O O-O 13. g4 g6 14. Kb1 Ne5 {[%emt 0:04:58] [#]} 15. Nd5 $146 ({Predecessor:} 15. Qg2 b5 16. Be2 Rfc8 17. Nd4 Qa5 18. Nd5 Bxd5 19. exd5 Nfd7 20. Nc6 Nxc6 21. dxc6 {1-0 (31) Kacprzak,K (2229)-Olszewski,M (2522) Bydgoszcz 2021}) 15... Nxd5 16. exd5 Bd7 17. g5 (17. Bxe5 $14 dxe5 18. Nd2) 17... Rfe8 $15 18. Nd4 Bf8 19. Bg2 (19. c3 $15) 19... Bg7 20. b3 {[%emt 0:02:17] [#] White does not recover from this.} (20. c3 $17) 20... a5 $1 $19 {[%emt 0:07:15][%cal Ba6a5,Ba5a4,Ba4a3][%mdl 32] aiming for ...a4.} 21. Bc1 a4 {[%emt 0:01:15] Strongly threatening ...axb3.} 22. Qd2 (22. Qf2 $142) 22... Qb6 {[%emt 0:02:09] ...axb3 is the strong threat.} 23. Bb2 $2 {[%emt 0:01:11] [#]} (23. Rhf1 Nc4 24. Qf2) 23... Nc4 $1 {[%emt 0:00:31][%mdl 512] Black is clearly winning.} 24. bxc4 a3 {[%emt 0:00:02][%csl Ga3][%cal Rb6b2][%mdl 64] Pin} 25. c3 Bxd4 26. cxd4 Bf5+ {[%emt 0:00:04] Weighted Error Value: White=0.49/Black=0.02 (flawless)} 0-1

[Event "Summer Prague Open-A 2022"]
[Site "Prague"]
[Date "2022.08.11"]
[Round "8.2"]
[White "Zamengo, Fulvio"]
[Black "Mirzoev, Azer"]
[Result "1/2-1/2"]
[ECO "C17"]
[WhiteElo "2396"]
[BlackElo "2424"]
[Annotator "TA"]
[PlyCount "152"]
[EventDate "2022.08.05"]
[EventType "swiss"]
[EventCountry "CZE"]
[SourceTitle "playchess.com"]
[Source "ChessBase"]
[SourceQuality "1"]
[TimeControl "40/5400+30:1800+30"]

1. e4 e6 2. d4 d5 3. Nc3 Bb4 4. e5 c5 5. a3 Ba5 6. b4 cxd4 7. Nb5 Bc7 8. f4 Bd7 9. Nxc7+ Qxc7 10. Nf3 {[%emt 0:03:39] C18: French: 3 Nc3 Bb4: Main line: 7 h4 and 7 Qg4.} Ba4 11. Bb2 Ne7 12. Bd3 Nbc6 13. Qd2 a6 {[%emt 0:02:50] Against b5} 14. Nxd4 Nxd4 15. Bxd4 O-O {[%emt 0:02:16] [#]} 16. O-O $146 ({Predecessor:} 16. g4 Rfc8 17. O-O Bb5 18. Qf2 Bxd3 19. cxd3 a5 20. b5 Qc2 21. Qe3 Qa4 22. f5 {1-0 (32) Schmid,P (2525)-Martin,P (1993) ICCF email 2019}) 16... Bb5 17. a4 Bxd3 (17... Nf5 {with more complications.} 18. axb5 Nxd4 19. bxa6 bxa6 20. Bxh7+ Kxh7 21. Qxd4 Qxc2 22. f5 exf5 23. Qxd5 Rab8) 18. cxd3 Rfc8 19. Rfc1 Qd7 20. Bc5 d4 21. Bxe7 Qxe7 22. Rxc8+ Rxc8 23. Rc1 $1 Rxc1+ 24. Qxc1 $11 {[%emt 0:00:08][%mdl 4096] Endgame KQ-KQ} h5 25. Qc4 Qd7 26. b5 axb5 27. axb5 Qd8 28. h3 g6 29. Kf2 Kg7 30. Kf3 Qa5 31. h4 Qa1 {[%emt 0:03:28] Hoping for ...Qd1+.} 32. Kf2 $1 Qh1 33. Qxd4 Qxh4+ 34. Kg1 $2 (34. Kf3 $11 {and White has nothing to worry.}) 34... g5 $19 35. Qe4 Qxf4 36. Qxb7 Qe3+ ({Weaker is} 36... Qxe5 37. b6 $17) 37. Kf1 Qxd3+ 38. Kf2 Qd4+ 39. Kf1 g4 {[%emt 0:02:07] Prevents Qf3.} ({Stronger than} 39... Qxe5 40. b6) 40. b6 $2 (40. g3) 40... h4 41. Qe7 (41. Qc7 {gets mated.} Qd1+ 42. Kf2 Qd2+ 43. Kf1 g3) (41. Ke2 $142 Qxe5+ 42. Kd3) 41... Qd1+ 42. Kf2 Qd2+ $1 43. Kf1 g3 $1 44. Qf6+ Kg8 45. Qf3 {[%emt 0:00:05] Inhibits Qd1+.} Qc1+ 46. Ke2 Qb2+ 47. Kd3 Qxb6 48. Qg4+ Kf8 49. Qxh4 Qb5+ 50. Ke3 Qxe5+ 51. Kf3 Qc3+ 52. Ke2 Qc2+ 53. Ke3 Qf2+ 54. Kd3 Qf5+ 55. Ke2 Qe5+ 56. Kf3 {[%emt 0:00:06] [#]} Kg7 $1 57. Qg4+ {[%emt 0:00:32] [#]} Kh6 $2 (57... Kh7 $1 $19 {is more deadly. aiming for ...Qc3+.} 58. Qb4 Qg5) 58. Qb4 $17 Kg6 {[%emt 0:00:27] ...f5 is the strong threat.} 59. Qf8 Qc3+ 60. Kf4 Qg7 61. Qc5 Qf6+ 62. Kg4 Qf5+ (62... e5 $17 63. Qc2+ Kg7) 63. Qxf5+ $11 {[%emt 0:00:07] The position is equal.} exf5+ 64. Kxg3 {[%emt 0:00:07] KPP-KP} Kg5 65. Kf3 f4 66. Ke4 Kg4 67. Ke5 Kg5 68. Ke4 f6 69. Kd5 $1 Kf5 70. Kd6 $1 Kg4 {[%emt 0:01:23] ( -> ...Kg3)} 71. Ke6 Kg5 72. Kd5 Kg4 73. Ke6 Kg3 74. Kf5 f3 75. gxf3 Kxf3 76. Kxf6 Ke4 {Whites escaped into a draw.  Weighted Error Value: White=0.41/Black=0.12 (very precise)} 1/2-1/2

[Event "Summer Prague Open-A 2022"]
[Site "Prague"]
[Date "2022.08.11"]
[Round "8.3"]
[White "Zanan, Evgeny"]
[Black "Neuman, Petr"]
[Result "1/2-1/2"]
[ECO "D11"]
[WhiteElo "2521"]
[BlackElo "2378"]
[Annotator "TA"]
[PlyCount "33"]
[EventDate "2022.08.05"]
[EventType "swiss"]
[EventCountry "CZE"]
[SourceTitle "playchess.com"]
[Source "ChessBase"]
[SourceQuality "1"]
[TimeControl "40/5400+30:1800+30"]

1. d4 d5 2. c4 c6 3. Nf3 Nf6 4. g3 g6 5. Qa4 Bg7 6. cxd5 {[%emt 0:00:13] D11: Slav Defence: 3 Nf3 sidelines and 3...Nf6 4 e3 Bg4.} O-O 7. Bg2 cxd5 {[%emt 0:05:39] [#]} 8. Ne5 $146 ({Predecessor:} 8. O-O Nc6 9. Nc3 Ne4 10. Qb3 Nxd4 11. Nxd4 Bxd4 12. Nxd5 Nd6 13. Bh6 Re8 14. Rfd1 Bh8 15. Rac1 Be6 16. Qa3 Bxd5 17. Bxd5 Qb6 {1-0 (56) Stein,R (2325)-Holtel,J (2305) Magdeburg 2020}) 8... Ne4 (8... Nfd7 $5 ) 9. Nc3 Nxc3 10. bxc3 Nd7 11. Nxd7 Bxd7 12. Qb3 Bc6 13. O-O Qd7 14. Ba3 Rfc8 15. e3 e6 16. Rab1 Rc7 17. Rfc1 {[%emt 0:06:57] Weighted Error Value: White=0.14 (very precise) /Black=0.06 (flawless)} 1/2-1/2

[Event "Summer Prague Open-A 2022"]
[Site "Prague"]
[Date "2022.08.11"]
[Round "8.4"]
[White "Roubalik, Jakub"]
[Black "Lalic, Bogdan"]
[Result "1/2-1/2"]
[ECO "A45"]
[WhiteElo "2380"]
[BlackElo "2412"]
[Annotator "TA"]
[PlyCount "41"]
[EventDate "2022.08.05"]
[EventType "swiss"]
[EventCountry "CZE"]
[SourceTitle "playchess.com"]
[Source "ChessBase"]
[SourceQuality "1"]
[TimeControl "40/5400+30:1800+30"]

1. d4 Nf6 2. Bg5 c5 3. d5 Ne4 4. Bf4 Qb6 5. Nd2 {[%emt 0:01:12] [#]} Qxb2 $1 {[%emt 0:02:17] ...Nc3 is the strong threat.} 6. Nxe4 {[%emt 0:01:38] Threatens to win with Nf3. A45: Trompowsky Attack.} Qb4+ 7. c3 Qxe4 8. e3 {[%emt 0:00:48] Black has an edge.} g5 9. Bg3 Bg7 10. Rc1 d6 11. Nf3 {[%emt 0:03:14] [#]} Qg6 12. Bd3 f5 13. h4 h6 14. Qc2 O-O {[#]  Weighted Error Value: White=0.05 (flawless) /Black=0.00 (flawless)} {Predecessor:} 15. hxg5 $146 hxg5 16. c4 Na6 17. a3 Nc7 18. Rb1 b5 19. cxb5 Nxd5 20. Bc4 Be6 21. Rd1 {0-1 (55) Alarcon Casellas,R (2387)-Adly,A (2626) Sitges 2018} 1/2-1/2